 Dungeon Sprint DCSS version 0.17-a0-1646-geb1493d (webtiles) character file.

900000 nuthulu the Spry (level 12, 0/118 HPs)
             Began as a Ghoul Monk on Aug 11, 2015.
             Was a Believer of Makhleb.
             Slain by a meat berserker
             ... wielding a +9 battleaxe
              (48 damage)
             ... in the Dungeon (Sprint VIII: "Arena of Blood").
             The game lasted 00:00:31 (9 turns).

nuthulu the Spry (Ghoul Monk)                          Turns: 9, Time: 00:00:31

Health: 0/118      AC:  3    Str: 18    XL:     12   Next: 2%
Magic:  11/11      EV: 22    Int:  5    God:    Makhleb [**....]
Gold:   0          SH:  0    Dex: 13    Spells: 0 memorised, 11 levels left

rFire  . . .     SeeInvis .     i - +∞ Axe of Woe
rCold  + . .     Clarity  .     a - +0 robe
rNeg   + + +     SustAt   .     (no shield)
rPois  ∞         Gourm    .     (no helmet)
rElec  .         Spirit   .     (no cloak)
rCorr  .         Warding  .     (no gloves)
rMut   .         NoTele   +     (no boots)
MR     .....                    (no amulet)
Stlth  ++........               (no ring)
                                (no ring)

@: rotting, not resistant to hostile enchantments, unstealthy
A: rotting body, claws 1, carnivore 3, cold resistance 1, negative energy
resistance 3, slow healing 1, torment resistance, unbreathing
a: Minor Destruction, Renounce Religion


You were in the Dungeon.
You worshipped Makhleb.
Makhleb was pleased with you.
You were not hungry.

You visited 1 branch

Inventory:

Hand weapons
 i - the +∞ Axe of Woe (weapon)
   (You found it in the Dungeon)
Armour
 a - a +0 robe (worn)
Scrolls
 h - a scroll of blinking
Potions
 c - a potion of curing
 d - a potion of heal wounds
 e - a potion of haste
 f - 2 potions of magic
 g - a potion of berserk rage
Comestibles
 b - a meat ration


   Skills:
 + Level 14.5 Fighting
 + Level 12.2 Axes
 + Level 12.2 Armour
 * Level 16.6 Dodging
 - Level 2.1 Stealth
 - Level 4.3 Unarmed Combat


You had 11 spell levels left.
You didn't know any spells.

Dungeon Overview and Level Annotations

Branches:
Dungeon (1/1)

Altars:
Makhleb


Innate Abilities, Weirdness & Mutations

Your body is rotting away.
You thrive on raw meat.
You are immune to poison.
You have sharp fingernails.
You are carnivorous and can eat meat at any time.
Your flesh is cold resistant.
You are immune to negative energy.
You heal slowly when monsters are visible.
You are immune to unholy pain and torment.
You can survive without breathing.


Message History

Your experience leads to an increase in your attributes!
Increase (S)trength, (I)ntelligence, or (D)exterity?
You feel stronger.
You have reached level 7!
You have reached level 8!
You have reached level 9!
Your experience leads to an increase in your attributes!
Increase (S)trength, (I)ntelligence, or (D)exterity?
You feel stronger.
You have reached level 10!
You feel stronger.
You have reached level 11!
You have reached level 12!
Your experience leads to an increase in your attributes!
Increase (S)trength, (I)ntelligence, or (D)exterity?
You feel agile.
The meat berserker rages.
You hear a shout! x4
The meat berserker hits you with a +9 battleaxe!!!
You die...

.. .. .. .. #.
.# #.. ..#
.###.. ..###.
......###......
......)@..o....
....#.oO..#....
. #_.<._# .
#.....#
....._.....
......###......
.###.o ..###.
#.o ..# #.. ..#


You could see a meat berserker (berserk) and 4 bags of meat.

Vanquished Creatures
  An orc (D)
1 creature vanquished.

Notes
Turn   | Place    | Note
--------------------------------------------------------------
     0 | D        | nuthulu the Ghoul Monk began the quest for the Orb.
     0 | D        | Reached XP level 1. HP: 19/19 MP: 0/0
     4 | D        | Became a worshipper of Makhleb the Destroyer
     4 | D        | Acquired Makhleb's first power
     4 | D        | Acquired Makhleb's second power
     5 | D        | Noticed a bag of meat
     6 | D        | Noticed a meat berserker
     7 | D        | Noticed a bag of meat
     8 | D        | Noticed a bag of meat
     8 | D        | Noticed a bag of meat
     9 | D        | Killed a bag of meat
     9 | D        | Reached skill level 14 in Fighting
     9 | D        | Reached skill level 16 in Dodging
     9 | D        | Reached XP level 2. HP: 22/47 MP: 1/1
     9 | D        | Reached XP level 3. HP: 24/53 MP: 2/2
     9 | D        | Reached XP level 4. HP: 27/61 MP: 3/3
     9 | D        | Reached XP level 5. HP: 30/68 MP: 4/4
     9 | D        | Reached XP level 6. HP: 33/75 MP: 5/5
     9 | D        | Reached XP level 7. HP: 36/82 MP: 6/6
     9 | D        | Reached XP level 8. HP: 39/90 MP: 7/7
     9 | D        | Reached XP level 9. HP: 41/96 MP: 8/8
     9 | D        | Reached XP level 10. HP: 44/104 MP: 9/9
     9 | D        | Reached XP level 11. HP: 46/111 MP: 10/10
     9 | D        | Reached XP level 12. HP: 48/118 MP: 11/11
     9 | D        | Slain by a meat berserker

Vault maps used:
D:        meatsprint

Action                   |  1- 3 |  4- 6 |  7- 9 | 10-12 || total
-------------------------+-------+-------+-------+-------++-------
Melee: Executioner's axe |     1 |       |       |       ||     1
